 Dungeon Crawl Stone Soup version 0.16.1-14-g82efdee (webtiles) character file.

310423 KarvaRausku the Acrobat (level 21, -16/181 HPs)
             Began as a Merfolk Gladiator on Apr 11, 2015.
             Was the Champion of Okawaru.
             Demolished by an azure jelly (27 damage)
             ... summoned by a shadow trap
             ... triggered by a death ooze
             ... on level 6 of the Pits of Slime on Apr 12, 2015.
             The game lasted 06:46:20 (59673 turns).

KarvaRausku the Acrobat (Merfolk Gladiator)        Turns: 59673, Time: 06:46:20

Health: -16/181    AC: 22    Str: 32    XL:     21   Next: 26%
Magic:  31/48      EV: 28    Int: 22    God:    Okawaru [******]
Gold:   1794       SH:  0    Dex: 19    Spells: 6 memorised, 27 levels left

rFire  + . .     SeeInvis .     b - +6 glaive (freeze)
rCold  . . .     Clarity  .     U - +3 scale mail {rF+}
rNeg   . . .     SustAb   .     (no shield)
rPois  +         Gourm    .     c - +3 hat of Pondering {ponderous, MR+ MP+10 Int+5}
rElec  .         Spirit   .     F - +1 cloak of Fedhas' Wrath {Int+3}
rCorr  .         Warding  .     L - +0 pair of gloves {Str+3}
rMut   +         Stasis   .     s - +2 pair of boots {run}
MR     +++..                    B - amulet of resist mutation
Stlth  ..........               g - ring "Grarax" {Str+2 Dex+5}
                                j - ring of Shryoc {rPois MR+ Str+6 Int+5 Dex-3 Slay+3}

@: confused, very slightly contaminated, hasted, very quick, extremely resistant
to hostile enchantments, extremely unstealthy
A: change form in water, swift swim
a: Heroism, Finesse, Renounce Religion
}: 2/15 runes: decaying, gossamer


You were on level 6 of the Pits of Slime.
You worshipped Okawaru.
Okawaru was exalted by your worship.
You were not hungry.

You visited 10 branches of the dungeon, and saw 50 of its levels.
You also visited: Ossuary and Volcano.

You collected 4151 gold pieces.
You spent 1668 gold pieces at shops.

Inventory:

Hand weapons
 a - the +8 spear of Duash {drain, rN+}
   (You found it on level 4 of the Dungeon)

   A truly terrible weapon, it drains the life of those it strikes.
   It protects you from negative energy.
 b - a +6 glaive of freezing (weapon)
 u - the +3 halberd of Eternal Harmony {elec, rElec MR+ Str-5}
   (Okawaru gifted it to you on level 4 of the Orcish Mines)

   Occasionally, upon striking a foe, it will discharge some electrical energy
   and cause terrible harm.
   It affects your strength (-5).
   It insulates you from electricity.
   It affects your resistance to hostile enchantments.
Missiles
 h - 12 silver javelins
 x - 5 steel javelins
 N - 18 javelins of penetration
 T - 6 throwing nets
 V - 23 poisoned javelins (quivered)
 Z - 3 tomahawks of returning
Armour
 c - the +3 hat of Pondering (worn) {ponderous, MR+ MP+10 Int+5}
   (You took it off Gastronok on level 8 of the Dungeon)

   It affects your intelligence (+5).
   It affects your resistance to hostile enchantments.
   It affects your magic capacity (+10).
 d - a +1 buckler of fire resistance
 s - a +2 pair of boots of running (worn)
 F - the +1 cloak of Fedhas' Wrath (worn) {Int+3}
   (You found it on level 5 of the Dungeon)

   It affects your intelligence (+3).
 L - a +0 pair of gloves of strength (worn)
 U - a +3 scale mail of fire resistance (worn)
Jewellery
 e - the amulet of the Nightingale {Ward rF+ rN+ Dex+3}
   (You bought it in a shop on level 3 of the Orcish Mines)

   [amulet of warding]

   It may prevent the melee attacks of summoned creatures.
   It affects your dexterity (+3).
   It protects you from fire.
   It protects you from negative energy.
 g - the ring "Grarax" (right hand) {Str+2 Dex+5}
   (You found it on level 2 of the Swamp)

   [ring of dexterity]

   It affects your strength (+2).
   It affects your dexterity (+5).
 j - the ring of Shryoc (left hand) {rPois MR+ Str+6 Int+5 Dex-3 Slay+3}
   (You bought it in a shop on level 3 of the Orcish Mines)

   [ring of poison resistance]

   It affects your strength (+6).
   It affects your intelligence (+5).
   It affects your dexterity (-3).
   It affects your accuracy and damage with ranged weapons and melee attacks
   (+3).
   It protects you from poison.
   It affects your resistance to hostile enchantments.
 B - an amulet of resist mutation (around neck)
 G - an uncursed ring of sustain abilities
 Q - an uncursed ring of protection from fire
 Y - an uncursed ring of see invisible
Magical devices
 i - a wand of confusion (27)
 k - a wand of slowing (26)
 o - a wand of random effects (25)
 O - a wand of teleportation (0)
Scrolls
 l - 11 scrolls of identify
 m - 2 scrolls of enchant weapon
 q - 2 scrolls of enchant armour
 w - 8 scrolls of remove curse
 y - 6 scrolls of recharging
 H - 7 scrolls of magic mapping
 K - a scroll of blinking
 R - a scroll of fog
 W - a scroll of fear
Potions
 t - a potion of haste
 z - 5 potions of agility
 C - 2 potions of cancellation
 E - 8 potions of curing
 J - 4 potions of might
 M - 4 potions of restore abilities
 S - 2 potions of cure mutation
Comestibles
 f - 9 bread rations
 A - 18 meat rations


   Skills:
 * Level 19.4 Fighting
 + Level 16.4 Polearms
 - Level 11.3 Throwing
 - Level 10.8 Armour
 * Level 21.7 Dodging
 + Level 11.9 Spellcasting
 + Level 2.6 Hexes
 + Level 9.6 Charms
 + Level 5.5 Summonings
 + Level 9.3 Ice Magic
 - Level 1.0 Invocations


You had 27 spell levels left.
You knew the following spells:

 Your Spells              Type           Power        Failure   Level  Hunger
a - Condensation Shield   Ice            ######....   1%          4    None
b - Infusion              Chrm           ######       1%          1    None
c - Spectral Weapon       Hex/Chrm       #####...     1%          3    None
d - Ozocubu's Armour      Chrm/Ice       ######..     1%          3    None
e - Summon Ice Beast      Ice/Summ       #####...     6%          4    None
f - Summon Small Mammal   Summ           ####         1%          1    None


Dungeon Overview and Level Annotations

Branches:
Dungeon (15/15)            Temple (1/1) D:4            Lair (8/8) D:10
  Swamp (5/5) Lair:5       Spider (5/5) Lair:5        Slime (6/6) Lair:7
    Orc (4/4) D:11            Elf (3/3) Orc:4        Vaults (2/5) D:13
 Depths (1/5) D:15
  Crypt: Vaults:2-3

Altars:
Ashenzari
Cheibriados
Dithmenos
Elyvilon
Fedhas
Gozag
Kikubaaqudgha
Makhleb
Nemelex Xobeh
Okawaru
Qazlal
Ru
Sif Muna
Trog
Vehumet
Xom
Yredelemnul
Zin
The Shining One
Jiyva
Lugonu

Shops:
D:10 ?   D:11 (*   Orc:1 [   Orc:3 =   Orc:4 !%?}[   Vaults:2 %   Depths:1 (

Portals:
Hell: Lair:8 Depths:1
Abyss: Depths:1
Pandemonium: Orc:4

Annotations:
D:5 jazmu's ghost, experienced DrTm
Slime:6 Royal Jelly
Elf:2 2 runed doors


Message History

The golden eye blinks at you. You resist with almost no effort.
The golden eye blinks at you.
You easily resist.
The golden eye blinks at you.
You are confused.
The golden eye blinks at you. You resist with some effort.
You slice the golden eye!! You freeze the golden eye.
You kill the golden eye!
The golden eye blinks at you. You resist with almost no effort.
The golden eye blinks at you. You resist with almost no effort.
You're too confused to move!
The golden eye turns its gaze towards you.
The azure jelly hits you.
* * * LOW HITPOINT WARNING * * *
The azure jelly freezes you!!
You die...

#.## ## #..# ##...
#####.####.....
....#.#^.#..#......
........GG..........
........J............
......(...JG.........
........JJJG.........
..........GJ@..........
.......................
.......................
.......................
......................
......................
.......................
......................
.....................


You could see the royal jelly, an azure jelly, 3 slime creatures, a shining eye,
an eye of devastation, a death ooze and 3 golden eyes.

Vanquished Creatures
  A titan (Elf:2)
  7 acid blobs
  A thorn hunter (Swamp:4)
  Kirke (Spider:3)
  Roxanne (Swamp:2)
  2 azure jellies
  3 ghost moths
  Wiglaf (Spider:4)
  Maud (Lair:5)
  8 emperor scorpions
  Louise (Spider:4)
  A vault warden (Vaults:1)
  Gastronok (D:8)
  An orc warlord (Elf:2)
  A large abomination (Vaults:2)
  3 very ugly things
  A stone giant (Depths:1)
  8 ironheart preservers
  3 dire elephants
  2 small abominations (Vaults:2)
  A deep elf death mage (Vaults:2)
  Snorg (Swamp:2)
  3 fire dragons
  2 ettins
  A death ooze (Slime:5)
  Josephine (D:10)
  A minotaur (shapeshifter) (D:13)
  5 yaktaur captains
  A great orb of eyes (Slime:6)
  20 hydras
  2 rakshasas
  3 ice dragons
  22 death yaks
  An anaconda (Swamp:2)
  4 centaur warriors
  11 ogre magi
  8 dancing weapons
  15 alligators
  6 orc high priests (Orc:4)
  Urug (D:11)
  2 sun demons
  A salamander mystic (Volcano)
  4 skeletal warriors (D:15)
  A shadow wraith (Vaults:1)
  6 deep elf knights
  15 swamp dragons
  3 fire crabs
  A torturous demonspawn (Orc:4)
  A spriggan druid (Swamp:4)
  A giant orange brain (Vaults:2)
  Erolcha (D:11)
  5 hill giants
  2 shambling mangroves
  3 deep elf summoners
  7 deep trolls (Vaults:2)
  Pikel (D:6)
  3 lindwurms
  5 ironbrand convokers
  2 wizards
  15 orc knights
  A gelid demonspawn (Orc:4)
  A harpy (Spider:4)
  3 unseen horrors
  16 orb spiders
  30 wolf spiders
  15 deep elf conjurers
  8 orc sorcerers
  A shining eye (Slime:6)
  12 hornets
  4 griffons
  An oklob plant (Lair:4)
  2 manticores
  2 moths of wrath (Spider:2)
  6 salamanders (Volcano)
  28 ugly things
  A smoke demon (Lair:8)
  6 cyclopes
  13 black mambas
  16 elephants
  A rust devil (Orc:4)
  6 vault sentinels
  3 orange demons (Lair:8)
  2 molten gargoyles (Elf:1)
  A black mamba (shapeshifter) (D:15)
  3 torpor snails
  2 sixfirhies
  5 centaur skeletons
  2 eyes of devastation
  A naga mage (D:15)
  16 spiny frogs
  8 yaktaurs
  5 fire drakes
  A gargoyle (D:14)
  14 demonic crawlers
  A komodo dragon (shapeshifter) (Vaults:2)
  32 jumping spiders
  8 komodo dragons
  5 deep elf priests
  6 blue devils (Lair:8)
  6 giant leeches
  7 trolls
  2 tengu conjurers
  A hellwing (Orc:4)
  15 two-headed ogres
  3 polar bears
  A frost giant simulacrum (Vaults:1)
  23 ravens
  Sonja (D:11)
  A fire vortex (Swamp:5)
  2 boulder beetles
  A trapdoor spider zombie (D:13)
  8 bog bodies
  16 trapdoor spiders
  38 slime creatures
  2 basilisks
  14 blink frogs
  33 tarantellas
  5 baby alligators
  A vampire (Depths:1)
  2 wyverns
  63 redbacks
  2 shadows
  7 wraiths
  A fire elemental (Elf:1)
  20 deep elf magi
  38 yaks
  15 deep elf fighters
  A hungry ghost (D:12)
  7 mottled dragons
  9 spriggans
  7 golden eyes
  10 hippogriffs
  26 vampire mosquitoes
  3 hogs (Spider:3)
  A human zombie (D:15)
  4 steam dragons (Swamp:5)
  14 insubstantial wisps
  Edmund (D:5)
  30 swamp worms
  15 wolves
  A chaos spawn (Orc:4)
  7 soldier ants
  2 wargs (Orc:3)
  The ghost of dvdking the Conjurer, an average DECj (D:4)
  18 water moccasins
  3 phantoms
  A hell hound (Lair:8)
  7 porcupines
  21 spiders
  9 swamp drakes
  8 wasps
  2 eyes of draining
  A necrophage (D:13)
  11 ice beasts
  4 black bears
  53 orc warriors
  21 centaurs
  7 boggarts
  35 ogres
  Sigmund (D:3)
  2 boring beetles (Lair:8)
  20 crocodiles
  Blork the orc (D:6)
  23 giant frogs
  6 big kobolds
  An ogre simulacrum (Vaults:1)
  9 scorpions
  10 killer bees
  An electric eel (Spider:5)
  A lava snake (Elf:1)
  11 wights
  4 crimson imps
  11 hounds
  44 orc priests
  9 centaur zombies
  10 jellies
  5 goliath beetles
  2 quasits
  A gnoll shaman (D:7)
  3 human simulacra
  35 worker ants
  3 giant frog skeletons
  7 iguanas
  16 orc wizards
  3 hell rats (Vaults:2)
  35 sheep
  4 big kobold zombies (Ossuary)
  2 hound zombies
  2 hound skeletons
  5 mummies (Ossuary)
  2 orc zombies (Orc:4)
  3 worker ant zombies
  5 gnolls (D:7)
  44 river rats
  25 adders
  A shadow imp (D:5)
  An orc skeleton (Orc:4)
  A giant mite (D:3)
  3 worms
  An adder zombie (D:7)
  2 adder skeletons
  5 giant geckos
  4 oozes
  146 orcs
  4 ball pythons
  2 bat skeletons
  2 bat zombies (D:5)
  3 giant cockroaches
  26 goblins
  A hobgoblin (shapeshifter) (D:15)
  19 hobgoblins
  9 jackals
  39 kobolds
  14 quokkas
  23 bats
  A giant cockroach zombie (D:6)
  A giant gecko skeleton (D:7)
  A giant gecko zombie (D:8)
  4 giant newts
  2 giant spores
  2 hobgoblin zombies (Ossuary)
  A jackal zombie (D:6)
  10 rats
  6 ballistomycetes
  A butterfly (Lair:4)
  3 fungi
  A plant (D:10)
1897 creatures vanquished.

Vanquished Creatures (collateral kills)
  2 acid blobs
  An azure jelly (Slime:6)
  A vault warden (Vaults:2)
  An ironheart preserver (Vaults:2)
  A stone giant (Vaults:2)
  A deep elf demonologist (Elf:1)
  A vault guard (Vaults:1)
  2 death oozes (Slime:6)
  A fire dragon (Swamp:5)
  A great orb of eyes (Slime:6)
  A death yak (Lair:6)
  A fire crab (Swamp:5)
  A swamp dragon (Swamp:5)
  3 deep elf knights
  An orc knight (Vaults:2)
  A hornet (Swamp:5)
  A deep elf conjurer (Elf:1)
  An orc sorcerer (Vaults:2)
  2 vault sentinels (Vaults:2)
  A queen ant (Lair:8)
  2 yaktaurs (Vaults:2)
  A blink frog (Lair:8)
  2 two-headed ogres
  3 slime creatures (Slime:1)
  A raven (Swamp:5)
  3 deep elf magi
  A wraith (Vaults:1)
  A vampire mosquito (Vaults:1)
  A steam dragon (Swamp:5)
  A swamp worm (Swamp:5)
  6 ogres
  An eye of draining (Slime:5)
  2 boggarts (Vaults:1)
  2 jellies
52 creatures vanquished.

Vanquished Creatures (others)
  10 spectral weapons
  A deep elf mage (Elf:1)
  A spriggan (Swamp:4)
  A redback (Spider:3)
  52 ice beasts
  A fire elemental (Elf:1)
  A steam dragon (Swamp:5)
  A slave (D:6)
  A swamp drake (Swamp:5)
  2 lost souls (Vaults:2)
  A giant frog (D:10)
  An adder (Lair:6)
  A giant mite (D:6)
  An orc (Orc:1)
  A bat (D:6)
  A quokka (Lair:7)
  A fungus (Elf:1)
  A plant (Lair:8)
79 creatures vanquished.

Grand Total: 2028 creatures vanquished

Notes
Turn   | Place    | Note
--------------------------------------------------------------
     0 | D:1      | KarvaRausku, the Merfolk Gladiator, began the quest for the Orb.
     0 | D:1      | Reached XP level 1. HP: 16/16 MP: 1/1
   246 | D:1      | Reached skill level 5 in Polearms
   317 | D:1      | Reached XP level 2. HP: 17/22 MP: 2/2
   928 | D:2      | Reached skill level 6 in Polearms
   928 | D:2      | Reached XP level 3. HP: 22/27 MP: 3/3
  1368 | D:2      | Found an iron altar of Okawaru.
  1371 | D:2      | Found a snail-covered altar of Cheibriados.
  1371 | D:2      | Found a sacrificial altar of Ru.
  1373 | D:2      | Found a bloodstained altar of Trog.
  1374 | D:2      | Found an ancient bone altar of Kikubaaqudgha.
  1386 | D:2      | Became a worshipper of Warmaster Okawaru
  1667 | D:2      | Reached XP level 4. HP: 31/33 MP: 4/4
  1675 | D:2      | Reached skill level 7 in Polearms
  2331 | D:3      | Reached skill level 8 in Polearms
  2337 | D:3      | Noticed Sigmund
  2448 | D:4      | Noticed a phantom
  2490 | D:4      | Killed a phantom
  2490 | D:4      | Reached XP level 5. HP: 29/39 MP: 5/5
  2560 | D:4      | Found a staircase to the Ecumenical Temple.
  2564 | D:4      | Acquired Okawaru's first power
  2575 | D:4      | Noticed dvdking's ghost (average DECj)
  2589 | D:4      | Got a slimy spear
  2605 | Temple   | Entered the Ecumenical Temple
  2606 | Temple   | Identified the +8 spear of Duash {drain, rN+} (You found it on level 4 of the Dungeon)
  2617 | D:4      | Killed dvdking's ghost
  2617 | D:4      | Reached XP level 6. HP: 44/47 MP: 6/6
  2907 | D:5      | Entered Level 5 of the Dungeon
  2938 | D:5      | Reached skill level 9 in Polearms
  3176 | D:5      | Reached skill level 5 in Dodging
  3220 | D:5      | Reached XP level 7. HP: 50/52 MP: 7/7
  3336 | D:5      | Noticed jazmu's ghost (experienced DrTm)
  3862 | D:3      | Killed Sigmund
  4144 | D:5      | Noticed Edmund
  4156 | D:5      | Killed Edmund
  4156 | D:5      | Reached skill level 10 in Polearms
  4262 | D:5      | Got a smoking cloak
  4268 | D:5      | Identified the +1 cloak of Fedhas' Wrath {Int+3} (You found it on level 5 of the Dungeon)
  4418 | D:6      | Reached XP level 8. HP: 58/60 MP: 8/8
  4474 | D:6      | Noticed Blork the orc
  4479 | D:6      | Killed Blork the orc
  4617 | D:6      | Noticed Pikel
  4632 | D:6      | Killed Pikel
  4632 | D:6      | Reached skill level 5 in Fighting
  4632 | D:6      | Reached skill level 11 in Polearms
  4656 | D:6      | Received a gift from Okawaru
  4656 | D:6      | Reached XP level 9. HP: 47/68 MP: 9/9
  4759 | D:6      | Reached skill level 12 in Polearms
  4759 | D:6      | Reached skill level 5 in Throwing
  4834 | D:6      | Found a sand-covered staircase.
  4839 | Ossuary  | Entered an ossuary
  5509 | D:7      | Received a gift from Okawaru
  5838 | D:7      | Found a shattered altar of Ashenzari.
  5839 | D:7      | Found a white marble altar of Elyvilon.
  6220 | D:8      | Received a gift from Okawaru
  6220 | D:8      | Reached skill level 13 in Polearms
  6242 | D:8      | Found a glowing silver altar of Zin.
  6242 | D:8      | Found an opulent altar of Gozag.
  6369 | D:8      | Reached XP level 10. HP: 77/77 MP: 10/10
  6518 | D:8      | Reached skill level 1 in Armour
  6669 | D:8      | Found a burning altar of Makhleb.
  6670 | D:8      | Found a shimmering altar of Xom.
  7013 | D:8      | Noticed Gastronok
  7043 | D:8      | Killed Gastronok
  7043 | D:8      | Reached skill level 10 in Dodging
  7505 | D:9      | Received a gift from Okawaru
  7505 | D:9      | Reached skill level 14 in Polearms
  7786 | D:9      | Found a blossoming altar of Fedhas.
  7792 | D:9      | Found a stormy altar of Qazlal.
  8075 | D:10     | Entered Level 10 of the Dungeon
  8096 | D:10     | Noticed a hill giant
  8111 | D:10     | Killed a hill giant
  8111 | D:10     | Acquired Okawaru's second power
  8111 | D:10     | Reached XP level 11. HP: 85/87 MP: 11/11
  8182 | D:10     | Killed an unseen horror
  8209 | D:10     | Found Lemye's Magic Scroll Shop.
  8214 | D:10     | Bought a scroll of identify for 28 gold pieces
  8214 | D:10     | Bought a scroll of identify for 28 gold pieces
  8214 | D:10     | Bought a scroll of identify for 28 gold pieces
  8214 | D:10     | Bought a scroll of identify for 28 gold pieces
  8235 | D:10     | Found a bloodstained altar of Trog.
  8240 | D:10     | Noticed a hill giant
  8251 | D:10     | Killed a hill giant
  8263 | D:10     | Found a staircase to the Lair.
  8673 | D:10     | Noticed a two-headed hydra
  8683 | D:10     | Killed a two-headed hydra
  8683 | D:10     | Received a gift from Okawaru
  8684 | D:10     | Got an ichor-stained troll leather armour {god gift}
  8698 | D:10     | Identified the -3 troll leather armour of Muat Ina {rElec rF+ rC- Regen+} (Okawaru gifted it to you on level 10 of the Dungeon)
  8853 | D:10     | Noticed Josephine
  8877 | D:10     | Killed Josephine
  9289 | D:11     | Reached skill level 15 in Polearms
  9309 | D:11     | Found a sacrificial altar of Ru.
  9332 | D:11     | Noticed Urug
  9441 | D:11     | Killed Urug
  9614 | D:11     | Reached XP level 12. HP: 96/96 MP: 12/12
  9632 | D:11     | Found Klovvoowox's Weapon Emporium.
  9718 | D:11     | Found Ysmuwafoa's Elemental Accessories.
  9839 | D:11     | Noticed Sonja
  9845 | D:11     | Killed Sonja
  9948 | D:11     | Noticed Erolcha
  9956 | D:11     | Killed Erolcha
 10299 | D:11     | Found a staircase to the Orcish Mines.
 10352 | D:11     | Identified a scroll of acquirement
 10969 | D:12     | Received a gift from Okawaru
 10981 | D:12     | Reached skill level 10 in Fighting
 11081 | D:12     | Reached skill level 5 in Armour
 11459 | D:12     | Received a gift from Okawaru
 11691 | D:13     | Received a gift from Okawaru
 11765 | D:13     | Found a gate to the Vaults.
 11780 | D:13     | Noticed an ogre mage
 12009 | D:13     | Killed an ogre mage
 12060 | D:13     | Noticed a rakshasa
 12279 | Lair:1   | Entered Level 1 of the Lair of Beasts
 12830 | Lair:1   | Reached skill level 1 in Spellcasting
 13254 | Lair:2   | Noticed a four-headed hydra
 13269 | Lair:2   | Killed a four-headed hydra
 13566 | Lair:2   | Found a labyrinth entrance.
 14193 | Lair:3   | Received a gift from Okawaru
 14204 | Lair:3   | Reached XP level 13. HP: 104/106 MP: 20/20
 14728 | Lair:3   | Received a gift from Okawaru
 15099 | Lair:3   | Received a gift from Okawaru
 15748 | Lair:4   | Received a gift from Okawaru
 16573 | Orc:1    | Entered Level 1 of the Orcish Mines
 17221 | Orc:1    | Found a dark tunnel.
 17244 | Orc:1    | Found Vynle's Armour Shoppe.
 17290 | Volcano  | Entered a volcano
 17328 | Volcano  | Received a gift from Okawaru
 18149 | Temple   | Learned a level 3 spell: Ozocubu's Armour
 18523 | Orc:3    | Received a gift from Okawaru
 18692 | Orc:3    | Found Klainazo's Jewellery Emporium.
 18718 | Orc:3    | Bought the amulet of the Nightingale {Ward rF+ rN+ Dex+3} for 564 gold pieces
 18718 | Orc:3    | Bought the ring of Shryoc {rPois MR+ Str+6 Int+5 Dex-3 Slay+3} for 992 gold pieces
 19097 | Orc:4    | Entered Level 4 of the Orcish Mines
 19097 | Orc:4    | Found a staircase to the Elven Halls.
 19210 | Orc:4    | Received a gift from Okawaru
 19211 | Orc:4    | Got an ivory halberd {god gift}
 19221 | Orc:4    | Identified the +3 halberd of Eternal Harmony {elec, rElec MR+ Str-5} (Okawaru gifted it to you on level 4 of the Orcish Mines)
 19272 | Orc:4    | Found a radiant altar of Vehumet.
 19385 | Orc:4    | Reached skill level 1 in Charms
 19438 | Orc:4    | Found Hiefror's Distillery.
 19465 | Orc:4    | Found Klash's Food Emporium.
 19720 | Orc:4    | Reached XP level 14. HP: 115/115 MP: 25/25
 20195 | Orc:4    | Reached skill level 10 in Throwing
 20195 | Orc:4    | Reached skill level 5 in Spellcasting
 20622 | Orc:4    | Received a gift from Okawaru
 20668 | Orc:4    | Received a gift from Okawaru
 20685 | Orc:4    | Found Heliv's Antique Armour Shop.
 20685 | Orc:4    | Found a one-way gate leading to the halls of Pandemonium.
 20685 | Orc:4    | Found Ucwo's Gadget Boutique.
 20808 | Orc:4    | Found Smaaked's Magic Scroll Shoppe.
 21202 | D:12     | Killed a rakshasa
 22119 | D:13     | Reached skill level 15 in Dodging
 22970 | D:14     | Received a gift from Okawaru
 23639 | D:14     | Reached XP level 15. HP: 118/124 MP: 28/28
 23943 | D:15     | Entered Level 15 of the Dungeon
 25475 | Lair:5   | Reached skill level 16 in Dodging
 25504 | Lair:5   | Found a hole to the Spider Nest.
 25618 | Lair:5   | Found a staircase to the Swamp.
 25965 | Swamp:1  | Entered Level 1 of the Swamp
 26128 | Spider:1 | Entered Level 1 of the Spider Nest
 26406 | Spider:1 | Learned a level 1 spell: Infusion
 26430 | Spider:1 | Received a gift from Okawaru
 26877 | Temple   | Learned a level 3 spell: Spectral Weapon
 27371 | Spider:1 | Noticed Maud
 28263 | Spider:1 | Received a gift from Okawaru
 28266 | Spider:1 | Got a brightly glowing leather armour {god gift}
 28289 | Spider:1 | Reached skill level 1 in Ice Magic
 28303 | Spider:1 | Identified the +0 leather armour "Biwnim" {Str+6} (Okawaru gifted it to you on level 1 of the Spider Nest)
 28863 | Lair:5   | Killed Maud
 29577 | Spider:2 | Reached skill level 5 in Charms
 30755 | Spider:2 | Reached XP level 16. HP: 67/134 MP: 29/29
 31125 | Spider:3 | Reached skill level 17 in Dodging
 32220 | Spider:3 | Received a gift from Okawaru
 32328 | Spider:3 | Reached skill level 15 in Fighting
 32659 | Spider:3 | Got a slimy chain mail
 32670 | Spider:3 | Identified the +4 chain mail of the Bulwark {Slay+2} (You acquired it on level 3 of the Spider Nest)
 32788 | Spider:4 | Noticed Kirke
 32792 | Spider:4 | Noticed a sphinx
 32856 | Spider:3 | Killed Kirke
 32887 | Spider:4 | Noticed Louise
 32907 | Spider:4 | Killed Louise
 33128 | Spider:4 | Noticed Wiglaf
 33161 | Spider:4 | Killed Wiglaf
 34420 | Spider:5 | Entered Level 5 of the Spider Nest
 34624 | Spider:5 | Received a gift from Okawaru
 34976 | Spider:5 | Reached skill level 18 in Dodging
 35445 | Spider:5 | Reached XP level 17. HP: 61/143 MP: 31/31
 36846 | Spider:5 | Reached skill level 5 in Ice Magic
 36958 | Spider:5 | Got a gossamer rune of Zot
 37110 | Lair:5   | Learned a level 4 spell: Condensation Shield
 38496 | Swamp:2  | Noticed Snorg
 38510 | Swamp:2  | Killed Snorg
 38529 | Swamp:2  | Received a gift from Okawaru
 38530 | Swamp:2  | Got an ancient shield {god gift}
 38607 | Swamp:2  | Identified the -3 shield "Axunkuru" {rElec rF- Regen+ Str+6} (Okawaru gifted it to you on level 2 of the Swamp)
 38867 | Swamp:2  | Got a sparkling granite ring
 38869 | Swamp:2  | Identified the ring "Grarax" {Str+2 Dex+5} (You found it on level 2 of the Swamp)
 39388 | Swamp:2  | Noticed Roxanne
 40782 | Swamp:4  | Reached XP level 18. HP: 153/153 MP: 33/33
 40977 | Swamp:4  | Reached skill level 19 in Dodging
 41028 | Swamp:4  | Received a gift from Okawaru
 41039 | Swamp:4  | Identified a +0 rod of inaccuracy (9/9) (You found it on level 3 of the Swamp)
 41337 | Swamp:4  | Received a gift from Okawaru
 41495 | Swamp:5  | Entered Level 5 of the Swamp
 41657 | Swamp:5  | Received a gift from Okawaru
 41687 | Swamp:5  | Identified a +2 pair of boots of running (Okawaru gifted it to you on level 5 of the Swamp)
 41707 | Swamp:5  | Learned a level 4 spell: Summon Ice Beast
 41707 | Swamp:5  | Hired Zaoptait the putrid demonspawn for 689 gold.
 41711 | Swamp:5  | Gained mutation: You are weak. (Str -2) [helix card]
 41713 | Swamp:5  | Identified the Papyrus of Poisoning (You found it on level 5 of the Swamp)
 41714 | Swamp:5  | Lost mutation: You are weak. (Str -2) [potion of cure mutation]
 41808 | Swamp:5  | Reached skill level 1 in Summonings
 41955 | Swamp:5  | Got a decaying rune of Zot
 43372 | Swamp:2  | Killed Roxanne
 43374 | Swamp:2  | Identified Roxanne's Tome of Earthen Transmutation (You took it off Roxanne on level 2 of the Swamp)
 44869 | Temple   | Learned a level 1 spell: Summon Small Mammal
 45768 | Lair:7   | Found a staircase to the Slime Pits.
 45945 | Lair:7   | You fall through a shaft!
 45945 | Lair:8   | Entered Level 8 of the Lair of Beasts
 46434 | Lair:8   | Received a gift from Okawaru
 46458 | Lair:8   | Found a burning altar of Makhleb.
 46607 | Lair:8   | Found a gateway to Hell.
 46885 | Lair:8   | Reached XP level 19. HP: 156/163 MP: 35/35
 47127 | Lair:8   | Received a gift from Okawaru
 47899 | D:15     | Reached skill level 10 in Spellcasting
 48134 | D:15     | Found a staircase to the Depths.
 48841 | Depths:1 | Entered Level 1 of the Depths
 49190 | Depths:1 | Reached skill level 20 in Dodging
 49308 | Depths:1 | Received a gift from Okawaru
 49588 | Depths:1 | Found a magical portal.
 50069 | Depths:1 | Found Cotz's Weapon Shoppe.
 50109 | Depths:1 | Found a corrupted altar of Lugonu.
 50109 | Depths:1 | Found a one-way gate to the infinite horrors of the Abyss.
 50212 | Depths:1 | Found a glowing golden altar of the Shining One.
 50705 | Elf:1    | Entered Level 1 of the Elven Halls
 51013 | Elf:1    | Received a gift from Okawaru
 51484 | Elf:1    | Received a gift from Okawaru
 51841 | Elf:1    | Identified the Tome of Hurtful Ignition (You found it on level 1 of the Elven Halls)
 52012 | Elf:1    | Received a gift from Okawaru
 52266 | Elf:2    | Reached skill level 10 in Armour
 52307 | Elf:2    | Found a deep blue altar of Sif Muna.
 52468 | Elf:2    | Found a runed door.
 52494 | Elf:2    | Found a runed door.
 52631 | Elf:2    | Was placed under penance by Okawaru
 52992 | Elf:3    | Entered Level 3 of the Elven Halls
 53019 | Elf:3    | Was forgiven by Okawaru
 53281 | Elf:1    | Reached XP level 20. HP: 162/172 MP: 37/37
 53429 | Vaults:1 | Entered Level 1 of the Vaults
 54448 | Vaults:1 | Got a fine flail
 54453 | Vaults:1 | Received a gift from Okawaru
 54457 | Vaults:1 | Identified the +10 flail of Shicy {speed, -Cast rC+ Dex+4} (You found it on level 1 of the Vaults)
 55582 | Vaults:2 | Reached skill level 21 in Dodging
 56547 | Vaults:2 | Received a gift from Okawaru
 56555 | Vaults:2 | Reached skill level 1 in Hexes
 56887 | Vaults:2 | Reached skill level 5 in Summonings
 57353 | Vaults:2 | Found Qireop's Food Boutique.
 58282 | Slime:1  | Entered Level 1 of the Pits of Slime
 58509 | Slime:1  | Received a gift from Okawaru
 58509 | Slime:1  | Reached XP level 21. HP: 167/180 MP: 28/38
 59346 | Slime:6  | Entered Level 6 of the Pits of Slime
 59621 | Slime:6  | Found a viscous altar of Jiyva.
 59623 | Slime:6  | Noticed the royal jelly
 59637 | Slime:6  | Reached skill level 1 in Invocations
 59673 | Slime:6  | Demolished by an azure jelly

Action                   |  1- 3 |  4- 6 |  7- 9 | 10-12 | 13-15 | 16-18 | 19-21 || total
-------------------------+-------+-------+-------+-------+-------+-------+-------++-------
Melee: Trident           |   136 |   127 |       |       |       |       |       ||   263
       Spear             |       |    46 |   437 |   812 |  1928 |  2496 |  1734 ||  7453
       Glaive            |       |       |       |       |       |       |   181 ||   181
       Halberd           |       |       |       |       |       |       |   144 ||   144
Throw: Throwing net      |       |     1 |       |     1 |     3 |       |       ||     5
       Javelin           |       |       |     6 |    52 |    92 |    57 |    96 ||   303
       Tomahawk          |       |       |       |     4 |    81 |   377 |     5 ||   467
 Cast: Spectral Weapon   |       |       |       |       |     2 |    12 |    18 ||    32
       Infusion          |       |       |       |       |       |     1 |     2 ||     3
       Condensation Shie |       |       |       |       |       |     3 |    11 ||    14
       Summon Ice Beast  |       |       |       |       |       |     8 |   117 ||   125
       Summon Small Mamm |       |       |       |       |       |     5 |       ||     5
Invok: Heroism           |       |       |       |       |     2 |       |       ||     2
       Finesse           |       |       |       |       |     1 |       |       ||     1
Evoke: Wand              |       |       |       |     4 |     2 |     6 |     2 ||    14
       Deck              |       |       |       |       |     1 |    11 |       ||    12
  Use: Scroll            |     1 |     6 |     2 |    30 |    19 |    15 |    10 ||    83
       Potion            |       |       |       |       |     9 |     9 |     3 ||    21
 Stab: Held in net/web   |       |       |     1 |       |     2 |       |       ||     3
       Paralysed         |       |       |       |       |     1 |       |       ||     1
       Distracted        |       |       |       |       |     2 |    10 |    12 ||    24
       Invisible         |       |       |       |       |       |    10 |       ||    10
       Confused          |       |       |       |       |       |     1 |       ||     1
  Eat: Chunk             |     2 |     6 |    10 |    27 |    33 |    19 |    18 ||   115
       Royal jelly       |       |       |       |     1 |       |       |       ||     1
       Beef jerky        |       |       |       |       |     2 |     6 |     1 ||     9
       Bread ration      |       |       |       |       |     1 |     1 |     3 ||     5
       Fruit             |       |       |       |       |    14 |     6 |     4 ||    24
       Pizza             |       |       |       |       |       |     6 |     2 ||     8
       Meat ration       |       |       |       |       |       |     1 |     1 ||     2
